 Dungeon Crawl Stone Soup version 0.28.0-53-g5a82cb258f (webtiles) character file.

Game seed: 16713453978489240641

84 Sin92 the Skirmisher (level 4, -7/52 HPs)
             Began as a Demonspawn Fighter on July 5, 2022.
             Shot with an arrow by a centaur (9 damage)
             ... on level 3 of the Dungeon.
             The game lasted 00:06:21 (2126 turns).

Sin92 the Skirmisher (Demonspawn Fighter)           Turns: 2126, Time: 00:06:22

Health: -7/52      AC: 22    Str: 29 (30) XL:     4   Next: 23%
Magic:  4/4        EV:  2    Int:  7 (10) God:
Gold:   96         SH:  4    Dex:  9 (12) Spells: 3/3 levels left

rFire   . . .      SeeInvis .   a - +0 war axe
rCold   . . .      Faith    .   c - +0 buckler
rNeg    . . .      Spirit   .   (armour currently unavailable)
rPois   +          Reflect  .   (helmet currently unavailable)
rElec   .          Harm     .   (cloak currently unavailable)
rCorr   +          Rampage  .   (gloves currently unavailable)
Will    .....      NoTele   +   (boots currently unavailable)
Stlth   +.........              (no amulet)
HPRegen 0.17/turn               e - +6 ring of strength
MPRegen 0.09/turn               h - ring "Gadan" {rCorr Str+6}

@: mighty, tree-form
A: stationary, stasis, torment immunity, boosted hp, (horns 1)
a: no special abilities


You were on level 3 of the Dungeon.
You were a tree.
You visited 1 branch of the dungeon, and saw 3 of its levels.

You collected 96 gold pieces.

Inventory:

Hand Weapons
 a - a +0 war axe (weapon)
 f - a +0 whip of draining
Armour
 b - a +0 scale mail
 c - a +0 buckler (worn)
 l - a +0 pair of boots (melded)
 m - a +0 chain mail (melded)
 n - a +0 cloak (melded)
Jewellery
 e - a +6 ring of strength (left branch)
 h - the ring "Gadan" (right branch) {rCorr Str+6}
   (You found it on level 2 of the Dungeon)

   [ring of strength]

   Str:       It affects your strength (+6).
   rCorr:     It protects you from acid and corrosion.
 j - the ring of Punod {Fire rN+++ Will- Str-5 Dex+7}
   (You found it on level 2 of the Dungeon)

   [ring of fire]

   It enhances your fire magic.
   Str:       It affects your strength (-5).
   Dex:       It affects your dexterity (+7).
   rF:        It protects you from fire.
   rC:        It makes you vulnerable to cold.
   rN:        It renders you almost immune to negative energy.
   Will:      It decreases your willpower.
Potions
 g - a potion of degeneration


   Skills:
 + Level 3.5 Fighting
 * Level 2.9 Axes
 + Level 3.1 Armour
 + Level 3.1 Shields


You had 3 spell levels left.
You didn't know any spells.
Your spell library contained the following spells:

 Spells                   Type           Power      Damage    Failure   Level
 Ensorcelled Hibernation  Hex/Ice        0%         N/A       67%         2
 Passwall                 Tmut/Erth      0%         N/A       67%         2
 Swiftness                Air            0%         N/A       88%         3
 Summon Lightning Spire   Summ/Air       0%         N/A       99%         4
 Maxwell's Capacitive Co  Air            0%         ∞         100%        8
 Summon Horrible Things   Summ           0%         N/A       100%        8


Dungeon Overview and Level Annotations

Branches:
Dungeon (3/15)

Altars:

Shops:
D:1 !


Innate Abilities, Weirdness & Mutations

You are a tree.
Your roots penetrate the ground, keeping you stationary.
You cannot be teleported.
You are immune to unholy pain and torment.
Your maximum health is greatly increased.
Your equipment is partially melded.
((You have a pair of small horns on your head.))


Message History

The centaur wields a +0 shortbow.
The centaur shoots an arrow.
The arrow hits you.
The centaur shoots an arrow.
The arrow hits you.
The centaur shoots an arrow.
The arrow closely misses you.
The centaur shoots an arrow.
The arrow closely misses you.
The centaur shoots an arrow.
The arrow hits you.
You closely miss the frilled lizard.
Your headbutt misses the frilled lizard.
You block the frilled lizard's attack.
The centaur shoots an arrow.
The arrow closely misses you. The frilled lizard closely misses you.
You closely miss the frilled lizard.
The centaur shoots an arrow.
The arrow hits you.
The centaur shoots an arrow.
The arrow hits you but does no damage.
The frilled lizard bites you but does no damage.
You hit the frilled lizard.
The frilled lizard is heavily wounded.
The centaur shoots an arrow.
The arrow hits you. You block the frilled lizard's attack.
You hit the frilled lizard.
You kill the frilled lizard!
The centaur shoots an arrow.
The arrow hits you.
The centaur shoots an arrow.
You block the arrow.
The centaur shoots an arrow.
The arrow hits you.
It was a potion of degeneration.
There was something very wrong with that liquid.
You feel weakened.
You feel dopey.
You feel clumsy.
The centaur shoots an arrow.
The arrow hits you!
* * * LOW HITPOINT WARNING * * *
It was a potion of lignification.
You turn into a tree.
Your +0 cloak melds into your body.
Your +0 pair of boots melds into your body.
Your +0 chain mail melds into your body.
Your roots penetrate the ground.
The centaur shoots an arrow.
You block the arrow.
The centaur shoots an arrow.
The arrow hits you.
* * * LOW HITPOINT WARNING * * *
As you read the scroll labelled GEXOFRONGI, it crumbles to dust.
It is a scroll of amnesia.
You feel forgetful for a moment.
You feel very mighty all of a sudden.
The centaur shoots an arrow.
The arrow hits you but does no damage.
The centaur shoots an arrow.
The arrow hits you!
You die...

.........#
.........#
.........#
.........#
.........#
.........##
......c...#
..........#######
###.#####♣......##
# #######..####
####....#
#(...##.# #....#
.. #<†..# ##
#.......#
......#...#....
..###...###.###


You could see a centaur.

Vanquished Creatures
  Jessica (D:2)
  A worm (D:2)
  A dart slug (D:2)
  3 ball pythons (D:2)
  8 endoplasms
  2 giant cockroaches
  2 goblins (D:2)
  5 hobgoblins
  2 jackals (D:1)
  3 kobolds (D:1)
  4 quokkas
  6 bats
  3 frilled lizards
  7 rats
48 creatures vanquished.

Notes
Turn   | Place    | Note
-------+----------+-------------------------------------------
     0 | D:1      | Sin92 the Demonspawn Fighter began the quest for the Orb.
     0 | D:1      | Reached XP level 1. HP: 18/18 MP: 1/1
   222 | D:1      | Discovered your monstrous ancestry.
   222 | D:1      | Gained mutation: You have a pair of small horns on your
                  | head. [demonic ancestry]
   222 | D:1      | Reached XP level 2. HP: 17/24 MP: 2/2
  1023 | D:1      | Reached XP level 3. HP: 27/27 MP: 3/3
  1256 | D:1      | Found Vawiodiu's Distillery.
  1315 | D:2      | Found a faded altar of an unknown god.
  1422 | D:2      | Identified the ring "Gadan" {rCorr Str+6}
  1470 | D:2      | Noticed Jessica
  1475 | D:2      | Killed Jessica
  1508 | D:2      | Reached XP level 4. HP: 35/35 MP: 4/4
  1562 | D:2      | Identified the ring of Punod {Fire rN+++ Will- Str-5 Dex+7}
  1697 | D:2      | Got Sif Muna's Grimoire of Feathers and the Escort
  2114 | D:3      | Noticed a centaur
  2124 | D:3      | HP: 2/52 [centaur/arrow (2)]
  2126 | D:3      | Shot with an arrow by a centaur

Illustrated notes

Levels and vault maps discovered:
D:1:      lemuel_arrival_behind_the_door_large, layout_loops_ring, serial_shops,
          shop
D:2:      layout_loops_cross, nicolae_ecumenical_pavilion, uniq_jessica
D:3:      layout_rooms, due_unseen_surprise

Skill      XL: |  1  2  3 |
---------------+----------+-----
Axes           | 2 |  2.9
Shields        | 3 |  3.1
Armour         | 3 |  3.1
Fighting       | |  3.5

Action                   |  1- 3 |  4- 6 || total
-------------------------+-------+-------++-------
Melee: War axe           |   101 |    23 ||   124
       Headbutt          |    14 |     4 ||    18
  Use: Potion            |       |     3 ||     3
       Scroll            |       |     1 ||     1
Armor: Scale mail        |    71 |     7 ||    78
       Chain mail        |       |     3 ||     3
       Skin              |       |     1 ||     1
Dodge: Dodged            |    52 |    16 ||    68
Block: Buckler           |    33 |     8 ||    41
